 Dungeon Crawl Stone Soup version 0.31.0-32-g396128a36d (webtiles) character file.

Game seed: 13249160388301035783

100 AdnanSaban the Covered (level 4, -7/29 HPs)
             Began as a Gargoyle Fighter on Apr 19, 2024.
             Killed by psychic fangs
             ... invoked by a brain worm
              (12 damage)
             ... in a sewer.
             The game lasted 00:01:56 (1437 turns).

AdnanSaban the Covered (Gargoyle Fighter)           Turns: 1437, Time: 00:01:57

Health: -7/29      AC: 10    Str: 22    XL:     4   Next: 73%
Magic:  0/4        EV:  9    Int:  8    God:
Gold:   62         SH:  4    Dex:  9    Spells: 3/3 levels left

rFire   . . .        a - +0 flail
rCold   . . .        c - +0 buckler
rNeg    + . .        b - +0 scale mail
rPois   ∞            (no helmet)
rElec   +            (no cloak)
rCorr   .            (no gloves)
SInv    .            (no boots)
Will    .....        (no amulet) Stlth
                     (no ring)
HPRegen 0.24/turn    (no ring)
MPRegen 0.09/turn

%: no passive effects
@: mighty
A: sickness immunity, AC +3, negative energy resistance 1, electricity
resistance, torment resistance 1, petrification resistance
a: no special abilities


You were in a sewer.
You visited 1 branch of the dungeon, and saw 3 of its levels.
You also visited: Sewer.

You collected 62 gold pieces.

Inventory:

Hand Weapons
 a - a +0 flail (weapon)
Armour
 b - a +0 scale mail (worn)
 c - a +0 buckler (worn)
Wands
 i - a wand of flame (25)
Scrolls
 e - a scroll of enchant armour {unknown}
 h - a scroll of fear {unknown}
Potions
 f - a potion of degeneration {unknown}
 g - a potion of ambrosia {unknown}


   Skills:
 + Level 3.7 Fighting
 + Level 3.6 Maces & Flails
 + Level 3.9 Armour
 + Level 0.1 Dodging
 + Level 3.8 Shields


You had 3 spell levels left.
You didn't know any spells.
Your spell library contained the following spells:

 Spells                   Type           Power      Damage    Failure   Level
 Magic Dart               Conj           0%         1d3       80%         1
 Blink                    Tloc           0%         N/A       90%         2
 Call Imp                 Summ           0%         N/A       90%         2


Dungeon Overview and Level Annotations

Branches:
Dungeon (3/15)              Sewer (1/1)

Altars:
Qazlal
Zin

Shops:
D:2 !


Innate Abilities, Weirdness & Mutations

You are immune to sickness and miasma.
Your stone body is resilient. (AC +3)
You are immune to poison.
You resist negative energy. (rN+)
You are resistant to electric shocks. (rElec)
You are resistant to unholy torment.
You are immune to petrification.


Message History

No reachable target in view!
A bat is nearby!
No reachable target in view!
You block the bat's attack.
You sock the bat!
You kill the bat!
A bat comes into view.
A brain worm comes into view.
The bat barely misses you.
You barely miss the bat. The bat barely misses you.
The brain worm's bulging head throbs.
Something gnaws on your mind!
You feel your power leaking away. The bat hits you but does no damage.
You closely miss the bat. The bat barely misses you.
The brain worm's bulging head throbs.
Something gnaws on your mind!
You feel your power leaking away. The bat misses you.
The brain worm's bulging head throbs.
Something gnaws on your mind!
You feel your power leaking away.
You feel very mighty all of a sudden. The bat closely misses you.
You are too injured to fight recklessly!
You sock the bat!
You kill the bat!
The brain worm's throbbing head pulsates.
Something gnaws on your mind!
* * * LOW HITPOINT WARNING * * *
You feel your power leaking away.
You see here a bat corpse.
You hit the brain worm.
The brain worm is moderately wounded.
The brain worm barely misses you.
You barely miss the brain worm.
The brain worm is lightly wounded.
The brain worm's throbbing head pulsates.
Something gnaws heavily on your mind!
You die...

#.≈≈≈≈≈.#
#..≈≈≈..#
#...≈...#
##.....##
##...##
##.## #.#
#.# #@#
#w# #.#
#.# ...
#.# #.#
#.# ###


You could see a brain worm.

Vanquished Creatures
  Jessica (D:3)
  2 adders (D:2)
  2 dart slugs
  2 ribbon worms (D:3)
  An orc (D:3)
  4 endoplasms
  3 giant cockroaches
  5 goblins
  A hobgoblin (D:3)
  2 jackals (D:2)
  A kobold (D:2)
  2 quokkas
  6 ball pythons
  6 bats
  3 frilled lizards
  7 rats
48 creatures vanquished.

Notes
Turn   | Place    | Note
-------+----------+-------------------------------------------
     0 | D:1      | AdnanSaban the Gargoyle Fighter began the quest for the
                  | Orb.
     0 | D:1      | Reached XP level 1. HP: 14/14 MP: 1/1
    69 | D:1      | Reached XP level 2. HP: 16/19 MP: 2/2
   475 | D:1      | Found a faded altar of an unknown god.
   565 | D:2      | Reached XP level 3. HP: 23/23 MP: 3/3
   569 | D:2      | Found Jurphaeps's Distillery.
   913 | D:2      | Found a glowing silver altar of Zin.
  1177 | D:3      | Found a stormy altar of Qazlal.
  1277 | D:3      | Noticed Jessica
  1309 | D:3      | Reached XP level 4. HP: 21/28 MP: 4/4
  1320 | D:3      | Killed Jessica
  1396 | D:3      | Found a glowing drain.
  1400 | Sewer    | Entered a sewer
  1427 | Sewer    | Noticed a brain worm
  1437 | Sewer    | Killed from afar by a brain worm

Illustrated notes

Levels and vault maps discovered:
D:1:      sevenhm_arrival_forest_fort_small_6, layout_rooms,
          hellmonk_ecumenical_altar_inner_sanctum, minmay_door_square
D:2:      layout_basic, basic_altar, serial_shops, nicolae_shop_waterfront
D:3:      layout_loops_ring, nicolae_qazlal_general_emergency,
          gammafunk_ghost_icy, gup_sewer_entry_spiral, uniq_jessica,
          uniq_crazy_yiuf_cottage
Sewer:    sewer_big_baddie

Skill      XL: |  1  2  3 |
---------------+----------+-----
Maces & Flails | 3 |  3.6
Fighting       | |  3.7
Armour         | |  3.9
Dodging        | |  0.1
Shields        | |  3.8

Action                     |  1- 3 |  4- 6 || total
---------------------------+-------+-------++-------
  Melee: Flail             |   124 |    50 ||   174
    Use: Potion            |       |     1 ||     1
 Armour: Scale mail        |    80 |    39 ||   119
  Dodge: Dodged            |    55 |    31 ||    86
  Block: Buckler           |    37 |    18 ||    55
